 Dungeon Crawl Stone Soup version 0.29.1-2-gbd0b4ee654 (webtiles) character file.

Game seed: 2695959016183404695

82 snek11 the Chopper (level 4, -12/60 HPs)
             Began as a Minotaur Berserker on Oct 29, 2022.
             Was a Believer of Trog.
             Mangled by a gnoll
             ... wielding a +0 halberd
              (15 damage)
             ... on level 2 of the Dungeon.
             The game lasted 00:03:37 (1670 turns).

snek11 the Chopper (Minotaur Berserker)             Turns: 1670, Time: 00:03:38

Health: -12/60     AC:  2    Str: 29    XL:     4   Next: 21%
Magic:  3/3        EV: 12    Int:  4    God:    Trog [**....]
Gold:   76         SH:  0    Dex: 10    Spells: 3/3 levels left

rFire   . . .      SeeInvis .   a - +0 hand axe
rCold   . . .      Faith    .   (no shield)
rNeg    . . .      Spirit   .   b - +0 animal skin
rPois   .          Reflect  .   (helmet restricted)
rElec   .          Harm     .   (no cloak)
rCorr   .          Rampage  .   (no gloves)
Will    .....                   (no boots)
Stlth   ..........              (no amulet)
HPRegen 0.20/turn               c - +6 ring of strength
MPRegen 0.08/turn               (no ring)

@: berserking (expiring), very quick
A: horns 2, retaliatory headbutt
a: Renounce Religion, Berserk, Trog's Hand


You were on level 2 of the Dungeon.
You worshipped Trog.
Trog was pleased with you.
You visited 1 branch of the dungeon, and saw 2 of its levels.

You collected 76 gold pieces.

Inventory:

Hand Weapons
 a - a +0 hand axe (weapon)
Armour
 b - a +0 animal skin (worn)
Jewellery
 c - a +6 ring of strength (left hand)
 e - an amulet of reflection
 l - a ring of fire
Scrolls
 d - 2 scrolls of identify {unknown}
 g - a scroll of fear {unknown}
 h - a scroll of brand weapon {unknown}
 i - a scroll of enchant weapon {unknown}
Potions
 f - a potion of haste {unknown}
 j - a potion of curing {unknown}
 k - a potion of ambrosia {unknown}


   Skills:
 + Level 4.3 Fighting
 + Level 4.5 Axes
 * Level 3.4 Armour
 + Level 2.9 Dodging
 + Level 0.1 Stealth


You had 3 spell levels left.
You didn't know any spells.
Your spell library contained the following spells:

 Spells                   Type           Power      Damage    Failure   Level
 Apportation              Tloc           0%         N/A       50%         1
 Necrotise                Necr           0%         1d4       50%         1
 Summon Small Mammal      Summ           0%         N/A       50%         1


Dungeon Overview and Level Annotations

Branches:
Dungeon (2/15)

Altars:


Innate Abilities, Weirdness & Mutations

You have a pair of horns on your head.
You reflexively headbutt those who attack you in melee.


Message History

The gnoll hits you from afar with a +0 spear. x2
You slash the gnoll!
The gnoll is severely wounded.
You completely miss the gnoll.
The gnoll is severely wounded.
The gnoll hits you with a +0 flail!
The gnoll hits you from afar with a +0 spear.
The gnoll hits you from afar with a +0 spear!
You slash the gnoll!
You kill the gnoll!
Trog accepts your kill. The gnoll closely misses you.
The gnoll hits you from afar with a +0 spear.
You slash the gnoll!
The gnoll is severely wounded.
You hit the gnoll. The gnoll closely misses you.
The gnoll hits you with a +0 spear.
* * * LOW HITPOINT WARNING * * *
The gnoll misses you.
You slash the gnoll!
You kill the gnoll!
Trog accepts your kill.
You slash the gnoll! The gnoll misses you.
You have reached level 4!
You feel agile.
You slash the gnoll!
You kill the gnoll!
Trog accepts your kill.
You hit the dart slug. You hit the dart slug.
The dart slug is severely wounded.
The gnoll hits you from afar with a +0 halberd!
* * * LOW HITPOINT WARNING * * *
The dart slug bites you.
* * * LOW HITPOINT WARNING * * *
You slash the dart slug!
You kill the dart slug!
Trog accepts your kill.
The gnoll hits you from afar with a +0 halberd!
You die...

##..#####.....##...#.
....# ###...#.# .#.#
..... #.......# .#.#
.....###....###
...$..#.....####
.................
.####...?#######
#)..### #)@.# #.
#.).# #. .g.....
###.## ......[....
...... ####.........#
##..## #.........#
#..... ..........#
#..... ...#########
#..... ####.....


You could see a gnoll.

Vanquished Creatures
  3 gnolls (D:2)
  An adder (D:2)
  4 dart slugs
  3 bats (D:1)
  7 endoplasms (D:1)
  2 giant cockroaches
  3 goblins (D:1)
  2 hobgoblins
  2 kobolds (D:1)
  2 quokkas (D:1)
  5 ball pythons
  A frilled lizard (D:1)
  2 rats (D:1)
37 creatures vanquished.

Notes
Turn   | Place    | Note
-------+----------+-------------------------------------------
     0 | D:1      | snek11 the Minotaur Berserker began the quest for the Orb.
     0 | D:1      | Reached XP level 1. HP: 19/19 MP: 0/0
   218 | D:1      | Reached XP level 2. HP: 21/27 MP: 1/1
   992 | D:1      | Reached XP level 3. HP: 29/33 MP: 2/2
  1081 | D:1      | Reached ** piety under Trog
  1112 | D:1      | You fall into a shaft and drop 1 floor!
  1668 | D:2      | Reached XP level 4. HP: 13/40 MP: 3/3
  1669 | D:2      | HP: 3/60 [dart slug (2)]
  1670 | D:2      | Mangled by a gnoll

Illustrated notes

Levels and vault maps discovered:
D:1:      minmay_arrival_stone_box, layout_basic, minmay_misc_feat_five,
          minmay_misc_feat_columns, minmay_unequal
D:2:      layout_basic, hangedman_decor_growths

Skill      XL: |  1  2  3 |
---------------+----------+-----
Fighting       | 4 |  4.3
Axes           | 4 |  4.5
Armour         | 3 |  3.4
Dodging        | |  2.9
Stealth        | |  0.1

Action                   |  1- 3 |  4- 6 || total
-------------------------+-------+-------++-------
Melee: Hand axe          |    82 |     3 ||    85
       Headbutt          |    11 |       ||    11
Invok: Berserk           |     3 |       ||     3
 Stab: Sleeping          |     1 |       ||     1
Armor: Animal skin       |    14 |       ||    14
Dodge: Dodged            |    45 |       ||    45
